 Dungeon Crawl Stone Soup version 0.28-a0-1447-ga5a8893891 (webtiles) character file.

Game seed: 336562708269737466

176 fragbeetle the Cudgeller (level 5, -1/53 HPs)
             Began as a Troll Berserker on Jan 11, 2022.
             Was a Follower of Trog.
             Slain by a killer bee (5 damage)
             ... on level 3 of the Dungeon.
             The game lasted 00:04:34 (1779 turns).

fragbeetle the Cudgeller (Troll Berserker)          Turns: 1779, Time: 00:04:35

Health: -1/53      AC:  4    Str: 25    XL:     5   Next: 30%
Magic:  4/4        EV: 10    Int:  5    God:    Trog [*.....]
Gold:   35         SH:  0    Dex:  9    Spells: 4/4 levels left

rFire   . . .      SeeInvis .   l - +4 quarterstaff (chaos)
rCold   . . .      Faith    .   (shield currently unavailable)
rNeg    . . .      Spirit   .   b - +0 animal skin
rPois   .          Reflect  .   (helmet restricted)
rElec   .          Harm     .   (no cloak)
rCorr   .          Rampage  .   (gloves unavailable)
Will    .....                   (boots unavailable)
Stlth   +.........              (no amulet)
HPRegen 0.97/turn               (no ring)
MPRegen 0.09/turn               (no ring)

@: lethally poisoned (-1 -> -1)
A: large, unfitting armour, claws 3, regeneration 1, shaggy fur 1, tough skin 1
a: Renounce Religion, Berserk


You were on level 3 of the Dungeon.
You worshipped Trog.
Trog was aware of your devotion.
You visited 1 branch of the dungeon, and saw 4 of its levels.

You collected 123 gold pieces.
You spent 88 gold pieces at shops.

Inventory:

Hand Weapons
 a - a +0 mace
 l - a +4 quarterstaff of chaos (weapon)
Missiles
 c - 9 javelins (quivered)
 d - 56 stones
Armour
 b - a +0 animal skin (worn)
Scrolls
 e - 3 scrolls of identify {unknown}
 g - a scroll of noise {unknown}
 h - a scroll of magic mapping {unknown}
 i - a scroll of enchant armour {unknown}
 j - a scroll of fear {unknown}
 k - a scroll of amnesia {unknown}
 q - a scroll of summoning {unknown}
 r - a scroll of silence {unknown}
 s - a scroll of brand weapon {unknown}
Potions
 f - a potion of mutation {unknown}
 m - a potion of curing
 n - a potion of degeneration
 o - a potion of might
 p - a potion of heal wounds {unknown}


   Skills:
 + Level 3.2 Fighting
 * Level 4.3 Maces & Flails
 + Level 3.2 Dodging


You had 4 spell levels left.
You didn't know any spells.
Your spell library was empty.

Dungeon Overview and Level Annotations

Branches:
Dungeon (4/15)
 Temple: D:4-7

Altars:

Shops:
D:3 ?(=!

Annotations:
D:4 Eustachio


Innate Abilities, Weirdness & Mutations

You are too large for most types of armour.
You have claws for hands.
Your natural rate of healing is unusually fast.
You are covered in fur. (AC +1)
You have tough skin. (AC +1)


Message History

The killer bee poisons you!
Eustachio mumbles some strange words.
Eustachio blinks!
You sock the killer bee! You freeze the killer bee.
The killer bee is severely wounded.
You feel sick. The killer bee stings you.
You are more poisoned.
The killer bee poisons you! The killer bee closely misses you.
You thump the killer bee!
You kill the killer bee!
Trog accepts your kill.
You feel very sick. The killer bee stings you.
You are more poisoned.
The killer bee poisons you! The killer bee closely misses you.
Your Maces & Flails skill increases to level 4!
You thump the killer bee! You freeze the killer bee.
You kill the killer bee!
Trog accepts your kill.
You feel very sick. The killer bee closely misses you.
The killer bee stings you!
You have reached level 5!
You feel very sick.
The killer bee stings you but does no damage.
The killer bee stings you.
You climb upwards.
You feel very sick.
There is a stone staircase leading down here.
You miss the killer bee.
You feel sick. The killer bee stings you.
* * * LOW HITPOINT WARNING * * *
The killer bee misses you.
You barely miss the killer bee.
You feel sick. The killer bee stings you.
* * * LOW HITPOINT WARNING * * *
The killer bee misses you. The killer bee stings you.
* * * LOW HITPOINT WARNING * * *
You closely miss the killer bee.
You feel sick.
The killer bee stings you but does no damage.
The killer bee closely misses you.
You closely miss the killer bee.
You feel sick. The killer bee stings you.
You die...

###......##....#.#.............##
# #.###..##....#.#.##............
# #.#.#........#.#.......##...###
# ###.##.#.....#.#.[.............
# ###.##................#.......#
# #...####................##....#
# #.#.## #...##..#........##.####
###....###...##.y#.......<...#
.<........#..##.@........#####
#####..####..............# #
#.......#.####.........#### #
###.###.#.# ###..........# #.#
#.#.### #......##### #.# #.....#
#.#.##.# #.# ###.### ###.##.# ###
#.# #....# ### #.####


You could see a killer bee.

Vanquished Creatures
  2 killer bees (D:4)
  Crazy Yiuf (D:2)
  3 adders
  2 worms
  2 dart slugs (D:1)
  A ball python (D:2)
  A bat (D:1)
  4 endoplasms
  A giant cockroach (D:2)
  4 goblins
  A hobgoblin (D:2)
  3 quokkas
  2 kobolds
  4 rats
31 creatures vanquished.

Notes
Turn   | Place    | Note
-------+----------+-------------------------------------------
     0 | D:1      | fragbeetle the Troll Berserker began the quest for the Orb.
     0 | D:1      | Reached XP level 1. HP: 22/22 MP: 0/0
   276 | D:1      | Reached skill level 3 in Maces & Flails
   277 | D:1      | Reached XP level 2. HP: 29/29 MP: 1/1
   377 | D:1      | Found a faded altar of an unknown god.
   856 | D:2      | Reached XP level 3. HP: 36/36 MP: 2/2
  1056 | D:2      | Found a runed translucent door.
  1057 | D:2      | Noticed Crazy Yiuf
  1063 | D:2      | Killed Crazy Yiuf
  1064 | D:2      | Reached XP level 4. HP: 32/44 MP: 3/3
  1111 | D:2      | Identified the +5 short sword "Loxo" {vorpal, rC+ rN+
                  | Will+}
  1323 | D:3      | Found Dingimoc's Jewellery Boutique.
  1332 | D:3      | Found Fetiegob's Distillery.
  1340 | D:3      | Bought a potion of curing for 33 gold pieces
  1340 | D:3      | Bought a potion of degeneration for 11 gold pieces
  1340 | D:3      | Bought a potion of might for 44 gold pieces
  1520 | D:3      | Found Zemosir's Weapon Shop.
  1524 | D:3      | Found Hoshrux's Magic Scroll Shop.
  1769 | D:4      | Noticed Eustachio
  1773 | D:4      | Reached skill level 4 in Maces & Flails
  1774 | D:4      | Reached XP level 5. HP: 20/53 MP: 4/4
  1779 | D:3      | Slain by a killer bee

Illustrated notes

Levels and vault maps discovered:
D:1:      minmay_arrival_up_and_down, layout_loops_ring,
          hellmonk_ecumenical_altar_crossroads
D:2:      layout_rooms, uniq_crazy_yiuf_cottage
D:3:      layout_basic, serial_shops, shop, nicolae_shop_advertising_works
          [nicolae_subvault_shop_adworks], shop, shop
D:4:      layout_loops_ring, serial_shops, shop, uniq_eustachio

Skill      XL: |  1  2  3  4 |
---------------+-------------+-----
Maces & Flails | 3 4 |  4.3
Fighting       | 3 |  3.2
Dodging        | 3 |  3.2

Action                   |  1- 3 |  4- 6 || total
-------------------------+-------+-------++-------
Melee: Mace              |    73 |       ||    73
       Punch             |     1 |       ||     1
       Quarterstaff      |       |    24 ||    24
Invok: Berserk           |     4 |       ||     4
 Stab: Sleeping          |       |     1 ||     1
Armor: Animal skin       |    21 |     4 ||    25
Dodge: Dodged            |    42 |    11 ||    53

Table legend: (Time is in decaauts)
 A = Elapsed time spent in this place.
 B = Non-inter-level travel time spent in this place.
 C = Inter-level travel time spent in this place.
 D = Time resting spent in this place.
 E = Time spent auto-exploring this place.
 F = Levels seen in this place.
 G = Mean time per level.
                   A        B        C        D        E       F      G
               +--------+--------+--------+--------+--------+-----+--------+
         Total |   1833 |   1801 |     32 |    106 |   1236 |   4 |  458.2 |
       Dungeon |   1833 |   1801 |     32 |    106 |   1236 |   4 |  458.2 |
               +--------+--------+--------+--------+--------+-----+--------+

Top non-repeatable levels by time:
     D:1: 724 daAuts
     D:2: 584 daAuts
     D:3: 516 daAuts
     D:4: 7 daAuts
